 Dungeon Crawl Stone Soup version 0.32-a0-921-g04a7ad8e02 (webtiles) character file.

Game seed: 6353657808502137102

3047 OboGreatPlayer the Skirmisher (level 9, -7/72 HPs)
             Began as a Barachi Hunter on Apr 11, 2024.
             Was a Follower of Okawaru.
             Mangled by a wyvern (18 damage)
             ... on level 8 of the Dungeon.
             The game lasted 00:20:41 (5540 turns).

OboGreatPlayer the Skirmisher (Barachi Hunter)      Turns: 5540, Time: 00:20:42

Health: -7/72      AC:  4    Str: 14    XL:     9   Next: 87%
Magic:  12/12      EV: 15    Int:  9    God:    Okawaru [*.....]
Gold:   358        SH:  0    Dex: 25    Spells: 10/12 levels left

rFire   . . .        a - +0 orcbow
rCold   . . .        (shield currently unavailable)
rNeg    . . .        j - +0 steam dragon scales
rPois   .            m - +0 helmet
rElec   .            o - scarf {harm}
rCorr   .            D - +1 pair of gloves
SInv    .            (no boots)
Will    .....        L - amulet of faith
Stlth   +++          s - +6 ring of dexterity
HPRegen 0.32/turn    v - +4 ring of slaying
MPRegen 0.13/turn

%: harm (+30% outgoing, +20% incoming), faith
@: corroded, slowed, very slow
A: amphibious, slowness 1, strong legs 1, +LOS
a: Hop, Renounce Religion, Heroism


You were on level 8 of the Dungeon.
You worshipped Okawaru.
Okawaru was aware of your devotion.
You visited 2 branches of the dungeon, and saw 9 of its levels.

You collected 358 gold pieces.

Inventory:

Hand Weapons
 a - a +0 orcbow (weapon)
 b - a +2 short sword of electrocution
Missiles
 d - 13 poisoned darts
 C - 4 boomerangs
Armour
 j - +0 steam dragon scales (worn)
 m - a +0 helmet (worn)
 o - a scarf of harm (worn)
 D - a +1 pair of gloves (worn)
Jewellery
 s - a +6 ring of dexterity (left hand)
 t - a +6 ring of strength
 v - a +4 ring of slaying (right hand)
 E - a ring of magical power
 F - an amulet of magic regeneration
 I - a ring of protection from cold
 L - an amulet of faith (around neck)
 N - a ring of positive energy
 W - a ring of wizardry
Wands
 x - a wand of polymorph (3)
 G - a wand of roots (10)
 K - a wand of charming (4)
Scrolls
 e - a scroll of enchant weapon {unknown}
 f - a scroll of butterflies
 h - 2 scrolls of poison {unknown}
 i - 2 scrolls of immolation {unknown}
 k - 2 scrolls of fear {unknown}
 n - a scroll of summoning {unknown}
 p - a scroll of enchant armour {unknown}
 u - 3 scrolls of identify {unknown}
 w - a scroll of teleportation {unknown}
 y - a scroll of fog {unknown}
 B - a scroll of amnesia {unknown}
 H - a scroll of acquirement {unknown}
 M - a scroll of silence {unknown}
Potions
 g - a potion of attraction {unknown}
 l - a potion of might {unknown}
 q - a potion of curing
 r - 3 potions of heal wounds {unknown}
 z - 5 potions of degeneration {unknown}
 A - a potion of invisibility {unknown}
 J - 2 potions of haste {unknown}


   Skills:
 + Level 7.0 Fighting
 - Level 3.0 Short Blades
 * Level 9.7 Ranged Weapons
 - Level 5.0 Dodging
 + Level 4.4 Stealth
 - Level 2.0 Spellcasting
 + Level 2.1 Translocations
 + Level 4.2 Evocations


You had 10 spell levels left.
You knew the following spells:

 Your Spells              Type           Power      Damage    Failure   Level
b - Blink                 Tloc           8%         N/A       22%         2

Your spell library contained the following spells:

 Spells                   Type           Power      Damage    Failure   Level
 Lesser Beckoning         Tloc           8%         N/A       22%         2
 Sandblast                Erth           0%         2d4       32%         1
 Momentum Strike          Conj/Tloc      4%         3d8       32%         2
 Stone Arrow              Conj/Erth      0%         3d7       69%         3
 Brom's Barrelling Bould  Conj/Erth      0%         2d3       97%         4


Dungeon Overview and Level Annotations

Branches:
Dungeon (8/15)             Temple (1/1) D:7
   Lair: D:8-11

Altars:
Ashenzari
Cheibriados
Dithmenos
Elyvilon
Fedhas
Gozag
Hepliaklqana
Makhleb
Nemelex Xobeh
Okawaru
Qazlal
Ru
Sif Muna
Uskayaw
Vehumet
Wu Jian
Xom
Yredelemnul
The Shining One

Shops:
D:6 :

Annotations:
D:2 exclusion: downstairs


Innate Abilities, Weirdness & Mutations

You are amphibious.
You cover ground slowly.
You can hop short distances.
You have an extended range of vision and can be seen from far away.


Message History

The acid dragon spits acid at you. The splash of acid hits you!!
Ouch! That really hurt!
The acid corrodes you!
You take 36 damage, and have 36/72 hp.
MASSIVE DAMAGE!!
You are too injured to fight recklessly!
Unknown command.
Aiming: Polymorph
Press: ? - help, Shift-Dir - straight line, f/p - acid dragon
Aim: an acid dragon (lightly wounded, catching its breath, will become a wyvern, a hornet, or a sky beast, chance to affect: 59%)
The acid dragon resists with significant effort.
Aiming: Polymorph
Press: ? - help, Shift-Dir - straight line, f/p - acid dragon
Aim: an acid dragon (lightly wounded, catching its breath, will become a wyvern, a hornet, or a sky beast, chance to affect: 59%)
The acid dragon resists with significant effort.
Aiming: Polymorph
Press: ? - help, Shift-Dir - straight line, f/p - acid dragon
Aim: an acid dragon (lightly wounded, catching its breath, will become a wyvern, a hornet, or a sky beast, chance to affect: 59%)
The acid dragon evaporates and reforms as a hornet!
Aiming: Polymorph
Press: ? - help, Shift-Dir - straight line, f/p - hornet
Aim: a hornet (moderately wounded, will become a sky beast, a steam dragon, or a wyvern, chance to affect: 50%)
The hornet resists with some effort.
The hornet stings you.
You feel yourself slow down. The hornet stings you!
You feel as though you will be slow longer.
You take 15 damage, and have 22/72 hp.
MASSIVE DAMAGE!!
Aiming: Polymorph
Press: ? - help, Shift-Dir - straight line, f/p - hornet
Aim: a hornet (moderately wounded, will become a sky beast, a steam dragon, or a wyvern, chance to affect: 50%)
The hornet resists with some effort.
The hornet barely misses you. The hornet completely misses you.
Aiming: Polymorph
Press: ? - help, Shift-Dir - straight line, f/p - hornet
Aim: a hornet (moderately wounded, will become a sky beast, a steam dragon, or a wyvern, chance to affect: 50%)
The hornet evaporates and reforms as a wyvern!
The wyvern barely misses you. The wyvern bites you!
* * * LOW HITPOINT WARNING * * *
You take 20 damage, and have 3/72 hp.
MASSIVE DAMAGE!!
You feel better. The wyvern misses you. The wyvern bites you!
You die...

...###..###.### #.#
..###..#.##...## #.#
#.....###...#..# #.#
##.....###..##.# #.#
.......##..#.#.###.#
..##......###...##.#
.####.....###...##.#
..##...#..##....##.###
#..#..###..#...k@....#
.##....####...####.#.#
..##...# #....##...#.#
#..#...# #....##.#.# #
##.....# #....##.#.#
#.....###....##.###
#.......#..#......#
#.....#....####.#.#
#.....#.[.......#.#


You could see a wyvern.

Vanquished Creatures
  Jeremiah (D:6)
  A wyvern (D:7)
  2 steam dragons (D:8)
  Menkaure (D:4)
  A black bear (D:6)
  An orc warrior (D:8)
  A sky beast (D:6)
  2 ice beasts
  2 ogres
  A centaur (D:8)
  2 phantoms (D:6)
  A kobold brigand (D:8)
  A gnoll sergeant (D:8)
  A scorpion (D:5)
  3 wights
  3 killer bees (D:8)
  A howler monkey (D:6)
  A bombardier beetle (D:4)
  A hound (D:5)
  2 orc priests (D:7)
  A gnoll bouda (D:3)
  3 iguanas
  2 sleepcaps
  12 orc wizards
  4 gnolls (D:8)
  12 adders
  A shadow imp (D:7)
  2 ufetubi (D:7)
  3 ribbon worms
  2 dart slugs
  26 orcs
  8 ball pythons
  3 bats
  8 endoplasms
  3 giant cockroaches
  10 goblins
  10 hobgoblins
  5 jackals
  9 kobolds
  4 quokkas
  5 frilled lizards
  6 rats
168 creatures vanquished.

Notes
Turn   | Place    | Note
-------+----------+-------------------------------------------
     0 | D:1      | OboGreatPlayer the Barachi Hunter began the quest for the
                  | Orb.
     0 | D:1      | Reached XP level 1. HP: 17/17 MP: 1/1
    86 | D:1      | Reached skill level 1 in Stealth
   132 | D:1      | Reached XP level 2. HP: 23/23 MP: 2/2
   377 | D:1      | Found a faded altar of an unknown god.
   385 | D:1      | Reached XP level 3. HP: 28/28 MP: 3/3
   887 | D:2      | Reached XP level 4. HP: 34/35 MP: 4/4
   948 | D:2      | Found a burning altar of Makhleb.
  1604 | D:3      | Noticed an ogre
  1611 | D:3      | Killed an ogre
  1612 | D:3      | Reached skill level 5 in Ranged Weapons
  1612 | D:3      | Reached XP level 5. HP: 41/41 MP: 5/5
  1691 | D:3      | Noticed a black bear
  2057 | D:3      | Reached skill level 6 in Ranged Weapons
  2060 | D:3      | Reached skill level 1 in Short Blades
  2060 | D:3      | Reached XP level 6. HP: 45/47 MP: 5/7
  2310 | D:4      | Reached skill level 1 in Spellcasting
  2552 | D:4      | Found a radiant altar of Vehumet.
  2582 | D:4      | Noticed Menkaure
  2585 | D:4      | Killed Menkaure
  2586 | D:4      | Reached XP level 7. HP: 54/54 MP: 9/9
  2688 | D:4      | Found a stormy altar of Qazlal.
  2871 | D:5      | Entered Level 5 of the Dungeon
  3345 | D:6      | Reached skill level 7 in Ranged Weapons
  3380 | D:6      | Found Tofoxzul's Tremendous Tomes.
  3459 | D:6      | Reached XP level 8. HP: 61/61 MP: 11/11
  3469 | D:6      | Reached skill level 5 in Fighting
  3541 | D:6      | Reached skill level 1 in Evocations
  3548 | D:6      | Reached skill level 8 in Ranged Weapons
  3550 | D:6      | Noticed Jeremiah
  3557 | D:6      | Killed Jeremiah
  3830 | D:6      | Found a sacrificial altar of Ru.
  3839 | D:6      | Found a blossoming altar of Fedhas.
  4036 | D:7      | Noticed a wyvern
  4041 | D:7      | Killed a wyvern
  4042 | D:7      | Reached XP level 9. HP: 62/69 MP: 12/12
  4242 | D:7      | Found a staircase to the Ecumenical Temple.
  4248 | Temple   | Entered the Ecumenical Temple
  4257 | Temple   | Became a worshipper of Warmaster Okawaru
  4421 | D:7      | Reached skill level 9 in Ranged Weapons
  4445 | D:7      | Learned a level 2 spell: Blink
  4812 | D:8      | Reached skill level 1 in Translocations
  4856 | D:8      | Reached * piety under Okawaru
  4949 | D:8      | Reached skill level 5 in Dodging
  5536 | D:8      | an acid dragon changed into a hornet
  5536 | D:8      | Noticed a hornet
  5539 | D:8      | a hornet changed into a wyvern
  5539 | D:8      | HP: 3/72 [wyvern (20)]
  5540 | D:8      | Mangled by a wyvern

Illustrated notes

Levels and vault maps discovered:
D:1:      dpeg_arrival_three_same_balls, layout_loops_cross,
          shapermc_ecumenical_altar_starsandcircs, st_stairs_11,
          chequers_serial_rivers_small_b, nicolae_concentric_dashed_squares_wild
D:2:      layout_basic, basic_altar, minmay_cupped
D:3:      layout_basic, minmay_joined_circles
D:4:      layout_cave_pools, mainiacjoe_overflow_alcove_2, lemuel_round_altar,
          uniq_menkaure
D:5:      cheibrodos_helix_gallery, layout_basic
D:6:      layout_cave_pools, mainiacjoe_overflow_swirl,
          ebering_dispersal_statue_hall, nicolae_shop_i_like_big_books,
          uniq_jeremiah
D:7:      layout_basic, minmay_temple_entry_arrows,
          minmay_a_box_with_orc_wizards_in_it
D:8:      hellmonk_destroyed_diamonds, layout_basic, minmay_fountain_box
Temple:   nicolae_temple_bog_church

Skill      XL: |  1  2  3  4  5  6  7  8  9 |
---------------+----------------------------+-----
Stealth        | 1 2 3 4 |  4.4
Fighting       | 3 4 6 7 |  7.0
Dodging        | 3 4 5 |  5.0
Ranged Weapons | 5 6 7 8 9 |  9.7
Short Blades   | 1 2 3 |  3.0
Spellcasting   | 1 2 |  2.0
Evocations     | 2 4 |  4.2
Translocations | 2 |  2.1

Action                     |  1- 3 |  4- 6 |  7- 9 || total
---------------------------+-------+-------+-------++-------
  Melee: Short sword       |    15 |    41 |    38 ||    94
   Fire: Shortbow          |    72 |    63 |       ||   135
         Orcbow            |       |    38 |   178 ||   216
Ability: Hop               |     1 |     1 |     5 ||     7
  Evoke: Wand              |       |       |     6 ||     6
    Use: Potion            |       |     2 |     1 ||     3
 Armour: Leather armour    |    27 |    26 |    30 ||    83
         Steam dragon scal |       |       |    15 ||    15
  Dodge: Dodged            |     9 |    26 |    50 ||    85

Table legend: (Time is in decaauts)
 A = Elapsed time spent in this place.
 B = Non-inter-level travel time spent in this place.
 C = Inter-level travel time spent in this place.
 D = Time resting spent in this place.
 E = Time spent auto-exploring this place.
 F = Levels seen in this place.
 G = Mean time per level.
                   A        B        C        D        E       F      G
               +--------+--------+--------+--------+--------+-----+--------+
         Total |   6423 |   6131 |    292 |    102 |   4935 |   9 |  713.7 |
       Dungeon |   6401 |   6130 |    271 |    102 |   4935 |   8 |  800.1 |
        Temple |     21 |      1 |     20 |      0 |      0 |   1 |   21.0 |
               +--------+--------+--------+--------+--------+-----+--------+

Top non-repeatable levels by time:
     D:2: 1066 daAuts
     D:7: 1023 daAuts
     D:8: 879 daAuts
     D:4: 762 daAuts
     D:3: 761 daAuts
     D:1: 747 daAuts
     D:6: 604 daAuts
     D:5: 557 daAuts
  Temple: 21 daAuts
